woodfighter, neutral female scurrid Tourist . .. .. ... --------------------------------... ................................... -.... .}}}}..}}}}..}}}}....................... |.......}}}W}}. }}}}..}}}}..}}}..................... -..@........}}}}}}........................}}}..}}}}..}W}..}}}... |...............?...........................}}}}..}}}..}}}}.}}}} -------.............^............s.......s....W...............sV...... .........................................+..........................^@)..... ------- -------.....s.......................................sCC.d... |...............................s..................... |............................W........s............... |..................................................... -........................?................).........). woodfighter the Peregrinatrix Experience level: 10 Strength: 15 Dexterity: 7 Constitution: 14 Intelligence: 13 Wisdom: 7 Charisma: 20 Health: 0(65) Energy: 43(43) Def: 17 Gold: 0 Moves: 13973 Dungeon seed: EuS04bI7e2M8k-mR Game ID: woodfighter_1527703351 Your Inventory: Amulets E - an uncursed amulet of magical breathing (being worn) Weapons V - a blessed +6 orcish dagger named Dagger of Sorrow (weapon in paw) Armor e - a blessed +1 dwarvish cloak (being worn) q - an uncursed +0 pair of gauntlets of dexterity (being worn) C - an uncursed +0 dwarvish mithril-coat (being worn) N - an uncursed +1 pair of elven boots (being worn) X - a blessed +1 helmet (being worn) Comestibles t - 2 uncursed food rations T - 2 uncursed tripe rations Z - 2 uncursed lizard corpses Rings j - an uncursed +1 ring of protection (on right paw) k - an uncursed ring of shock resistance (on left paw) Wands d - a wand of sleep (0:2) g - a wand of lightning (0:4) h - a wand of teleportation (0:2) Tools b - an uncursed stethoscope n - an uncursed towel s - an uncursed bag of holding y - an uncursed skeleton key I - an uncursed brass lantern (0:1134) Gems Y - an uncursed luckstone Contents of the bag of holding: an uncursed +0 cloak of protection an uncursed +0 mummy wrapping an uncursed lizard corpse an uncursed sprig of wolfsbane an uncursed can of grease [0:22] Spells and supernatural/magical abilities: Name Level Category Fail Memory W - pray for help -- divine ? -- Your skills at the end: Miscellaneous Skills wands [Basic] Weapon Skills dart [Expert] Spellcasting Skills Final Attributes: You were fervently aligned. You were sleep resistant. You were shock resistant. You were poison resistant. Your writing paw was ok. You saw invisible. You were telepathic. You had automatic searching. You had infravision. You were invisible to others. You were very stealthy. You could survive without air. You were protected. You were lucky. You had extra luck. Bad luck did not time out for you. Good luck did not time out for you. You are dead. Vanquished creatures: a green dragon 2 giant mimics 2 large mimics a long worm 3 stalkers a water elemental a giant zombie 3 small mimics a warhorse 2 xans a pyrolisk 3 large dogs a freezing sphere a shocking sphere a gargoyle a tengu an elf mummy a human mummy 2 pit vipers 2 giant beetles a wolf 2 winter wolf cubs a black light a leprechaun 3 lizards 9 giant spiders a scorpion an iron piercer 3 forest centaurs 4 gnome kings a brown pudding 3 Green-elves a rust monster a yeti a werewolf 5 guides 2 housecats 2 dwarf lords a blue jelly a dust vortex 3 ravens a plains centaur 2 gnome mummies 2 Woodland-elves 2 snakes 7 human zombies a rope golem 6 soldier ants a yellow light 10 bugbears an imp a wood nymph 10 Mordor orcs an Uruk-hai 13 orc shamans 2 rock moles a rock piercer 2 fog clouds a shrieker 12 gnome lords 7 gnomish wizards a red naga hatchling a black naga hatchling a guardian naga hatchling a gray ooze an elf zombie a straw golem a paper golem a giant ant a puppy a floating eye 2 kittens 17 dwarves a homunculus 3 kobold lords 6 iguanas 15 hill orcs 8 rothes a rabid rat 2 centipedes 2 giant bats a monkey 4 orc zombies a dwarf zombie a werejackal 7 killer bees 5 coyotes a gas spore 6 hobbits 8 large kobolds 4 geckos 26 hobgoblins 3 giant rats 3 cave spiders 3 brown molds 2 yellow molds 3 green molds 3 red molds 41 gnomes 6 garter snakes 18 manes 3 gnome zombies 10 jackals 4 foxes 5 kobolds 15 newts 10 goblins 2 sewer rats 21 grid bugs 8 lichens 2 kobold zombies 454 creatures vanquished. Voluntary challenges: You did not cause conflict. You did not have reflection. You were not displaced. You used a wielded weapon 47 times, starting on turn 8854. You did not apply a unicorn horn. You did not use plumbed fixtures. You did not drink any magical draughts. You read items or engraved 7 times, starting on turn 2119. You never genocided any monsters. You never polymorphed an object. You never changed form. You completed Sokoban on turn 4352, according to the rules. You used no wishes. You never split a pudding. You wrote Elbereth's name 1 time, starting on turn 5604. You violated your moral code, losing 5 points of alignment, starting on turn 1855. Dungeon overview: The Dungeons of Doom: levels 1 to 14 Level 1 a long staircase Level 2 stairs to The Gnomish Mines Level 3 an altar to The Lady Level 4 Level 5 a fountain Level 6 many fountains Level 7 a general store stairs to Sokoban Level 8 a fountain Level 9 (vault) some fountains Level 10 Level 11 a fountain Level 12 (throne) a sink, a throne Level 13 (quest) a fountain portal to The Quest Level 14 (big room) The Gnomish Mines: levels 3 to 10 Level 3 stairs to The Dungeons of Doom Level 4 Level 5 many shops, a temple to The Lady, a magic chest, some fountains Level 6 Level 7 Level 8 Level 9 Level 10 many altars to Moloch, a magic chest, some fountains The Quest: Level 1 <- You were here portal to The Dungeons of Doom Sokoban: levels 3 to 6 Level 3 (green dragon) a magic chest Level 4 Level 5 Level 6 an altar to Blind Io, a magic chest stairs to The Dungeons of Doom History has recorded: On T:1 you entered the Dungeons of Doom to retrieve the Amulet of Yendor! On T:196 you reached level 2 of The Dungeons of Doom. On T:345 you reached level 1 of The Gnomish Mines. On T:379 you advanced to experience level 2. On T:429 you reached level 3 of The Dungeons of Doom. On T:628 you reached level 4 of The Dungeons of Doom. On T:631 you advanced to experience level 3. On T:1082 you reached level 5 of The Dungeons of Doom. On T:1250 you advanced to experience level 4. On T:1381 you reached level 6 of The Dungeons of Doom. On T:1606 you reached level 7 of The Dungeons of Doom. On T:1811 you reached level 8 of The Dungeons of Doom. On T:1826 you advanced to experience level 5. On T:1837 you reached level 4 of Sokoban. On T:2116 you opened a magic chest. On T:2160 you reached level 3 of Sokoban. On T:2544 you reached level 2 of Sokoban. On T:2932 you reached level 1 of Sokoban. On T:3007 you advanced to experience level 6. On T:4352 you advanced to experience level 7. On T:4352 you entered the Sokoban zoo. On T:5039 you advanced to experience level 8. On T:5171 you reached level 2 of The Gnomish Mines. On T:5473 you reached level 3 of The Gnomish Mines. On T:5774 you entered the Minetown temple On T:5908 you reached level 4 of The Gnomish Mines. On T:6108 you reached level 5 of The Gnomish Mines. On T:6605 you reached level 6 of The Gnomish Mines. On T:6946 you reached level 7 of The Gnomish Mines. On T:7330 you advanced to experience level 9. On T:7379 you reached level 8 of The Gnomish Mines. On T:7379 you reached the bottom of the Mines. On T:9399 you reached level 9 of The Dungeons of Doom. On T:9826 you reached level 10 of The Dungeons of Doom. On T:10521 you reached level 11 of The Dungeons of Doom. On T:10588 you advanced to experience level 10. On T:10778 you reached level 12 of The Dungeons of Doom. On T:11815 you reached level 13 of The Dungeons of Doom. On T:12334 you reached level 14 of The Dungeons of Doom. On T:13914 you reached level 1 of The Quest. On T:13951 you prayed to The Lady. Score breakdown: Gold: 0 ( 0 points) Experience: 10 levels ( 900 points) Exploration: 14 levels ( 390 points) Discoveries: 35 items ( 1750 points) Variety of kills: 111 monsters ( 2000 points) Major goal: Sokoban/Mines ( 1500 points) Survival: died (score multiplied by 3) Total score: 19620 Latest messages: The giant spider bites! The giant spider misses. A mysterious force prevents the vampire lord from teleporting! The cave spider misses. The giant spider misses. The giant spider moves its spinnerets around you. The vampire lord bumps right into you! You are stuck to the web. The cave spider misses. The giant spider misses. (2x) The vampire lord scratches you! The vampire lord bites! You are stuck to the web. The cave spider misses. The giant spider misses. (2x) Suddenly, the wraith disappears out of sight. The vampire lord scratches you! The vampire lord bites! The cave spider misses. The giant spider bites! The giant spider moves its spinnerets around you. The vampire lord scratches you! The vampire lord bites! The giant spider bites! You die... Final status: Aloha woodfighter the Tourist, killed by a giant spider... You died in The Quest on dungeon level 1 with 19620 points, and 0 pieces of gold, after 13973 moves. You were level 10 with a maximum of 65 hit points when you died.